AoeStats
← peagle

Arena

510041543Analyzed
2v2 RM · 4d ago on Sep 29, 2026· 61m 45s· 4 players
Game mode
Random Map
Map size
Medium (4 player)
Population
200
Speed
Normal
Resources
Standard
Victory
Conquest
Starting age
Dark Age
Ending age
Imperial Age
RankedLock teamsTeams togetherTeam positionsShared explorationLock speedFull tech treeHidden civsTurbo modeCheats
Victory
Defeat
🇨🇴 Romans · Colombia
957
+15
🇺🇸 Magyars · United States
869
+19
🇺🇸 Britons · United States
939
-17
🇺🇸 Danes · United States
938
-17
pablodaniv
11:30 Feudal Age
12:16 Double-Bit Axe
15:54 Castle Age
14:10 Horse Collar
14:39 Stone Mining
14:59 Man-at-Arms
16:06 Forging
17:07 Scale Mail Armor
17:40 Bow Saw
29:09 Imperial Age
27:42 Ballistas
30:09 Heavy Scorpion
30:39 Capped Ram
33:02 Comitatenses
33:03 Conscription
33:32 Wheelbarrow
32:43 Town Watch
32:44 Loom
32:27 Long Swordsman
33:08 Squires
34:35 Chemistry
34:52 Heavy Plow
34:55 Town Patrol
35:16 Chain Mail Armor
35:36 Iron Casting
35:06 Scale Barding Armor
35:49 Cavalier
36:30 Husbandry
36:40 Bloodlines
38:52 Blast Furnace
38:33 Siege Engineers
39:01 Elite Centurion
40:04 Conscription
39:25 Legionary
41:39 Bloodlines
41:52 Chain Barding Armor
41:31 Siege Ram
49:43 Caravan
50:14 Coinage
49:54 Guilds
49:50 Pikeman
51:07 Plate Barding Armor
50:34 Padded Archer Armor
50:24 Fletching
52:23 Hand Cart
52:12 Gold Mining
58:40 Banking
DisgruntledShark
10:56 Feudal Age
11:28 Double-Bit Axe
11:59 Horse Collar
16:47 Castle Age
15:23 Gold Mining
18:39 Bow Saw
18:32 Heavy Plow
18:30 Stone Mining
19:07 Fervor
19:17 Sanctity
25:20 Bloodlines
25:19 Scale Barding Armor
26:11 Wheelbarrow
25:22 Town Watch
27:54 Gold Shaft Mining
30:01 Hand Cart
29:47 Town Patrol
30:20 Loom
30:39 Husbandry
31:02 Chain Barding Armor
30:34 Fletching
30:46 Padded Archer Armor
31:53 Devotion
31:49 Herbal Medicine
34:48 Imperial Age
32:21 Corvinian Army
32:20 Bodkin Arrow
33:41 Thumb Ring
33:55 Leather Archer Armor
34:06 Ballistics
33:28 Treadmill Crane
33:58 Masonry
33:45 Murder Holes
35:36 Recurve Bow
34:58 Elite Magyar Huszar
36:15 Hoardings
36:00 Conscription
35:47 Bracer
36:18 Ring Archer Armor
36:23 Plate Barding Armor
36:17 Parthian Tactics
36:55 Chemistry
36:02 Siege Engineers
37:30 Two-Man Saw
37:02 Crop Rotation
36:14 Sappers
36:52 Caravan
36:47 Heavy Cavalry Archer
41:09 Light Cavalry
41:10 Cavalier
41:13 Elite Skirmisher
49:23 Shipwright
49:13 Clinker Construction
49:13 Careening
48:54 Heated Shot
48:55 Guard Tower
49:33 Illumination
49:23 Block Printing
49:31 Heresy
49:47 Theocracy
48:34 Crossbowman
48:38 Paladin
49:25 Scale Mail Armor
48:48 Pikeman
48:48 Man-at-Arms
49:15 Arson
50:42 Arbalester
50:44 Long Swordsman
52:08 Coinage
54:17 Banking
54:09 Dry Dock
54:11 Chain Mail Armor
53:18 Two-Handed Swordsman
53:28 Hussar
56:54 Halberdier
56:55 Champion
61:13 Heavy Scorpion
61:13 Onager
61:14 Capped Ram
Kid Waka
5:35 Loom
12:41 Feudal Age
13:07 Horse Collar
17:20 Castle Age
15:29 Double-Bit Axe
17:35 Wheelbarrow
18:18 Fletching
18:43 Fervor
21:37 Hand Cart
22:52 Bow Saw
24:50 Town Watch
25:02 Gold Mining
25:02 Stone Mining
27:38 Heavy Plow
28:28 Town Patrol
28:51 Bodkin Arrow
29:39 Ballistics
32:51 Imperial Age
30:59 Padded Archer Armor
30:45 Crossbowman
31:54 Masonry
32:26 Yeomen
33:07 Gold Shaft Mining
33:07 Leather Archer Armor
33:52 Bracer
34:22 Ring Archer Armor
34:56 Chemistry
33:19 Arbalester
34:46 Man-at-Arms
35:12 Gambesons
35:29 Squires
36:08 Yeomen
36:08 Conscription
36:07 Long Swordsman
37:01 Forging
36:54 Scale Mail Armor
40:55 Two-Man Saw
41:13 Two-Handed Swordsman
41:14 Pikeman
41:44 Halberdier
43:03 Iron Casting
42:44 Chain Mail Armor
50:19 Blast Furnace
49:50 Plate Mail Armor
peagle
8:59 Loom
12:11 Feudal Age
13:26 Double-Bit Axe
16:16 Castle Age
14:28 Scale Mail Armor
14:37 Horse Collar
25:12 Wheelbarrow
25:03 Bow Saw
26:13 Arson
26:14 Gambesons
26:32 Squires
26:24 Fletching
27:14 Heavy Plow
27:20 Gold Mining
27:33 Stone Mining
28:32 Bodkin Arrow
28:53 Chain Mail Armor
29:26 Hand Cart
33:18 Imperial Age
30:56 Padded Archer Armor
31:07 Forging
30:46 Hamask
32:58 Ballistics
32:34 Murder Holes
32:24 Elite Skirmisher
33:22 Masonry
34:29 Conscription
34:42 Bracer
35:13 Plate Mail Armor
35:19 Elite Varangian Guard
36:43 Leather Archer Armor
37:04 Iron Casting
37:40 Chemistry
41:17 Thumb Ring
41:32 Pikeman
41:53 Elite Jomsviking
44:56 Halberdier
46:44 Ring Archer Armor
47:15 Blast Furnace
46:26 Siege Engineers
47:35 Gold Shaft Mining
47:35 Stone Shaft Mining
48:21 Onager
Connection lost

Rejoining the realm…

Still unreachable

The connection could not be restored.

Session expired

The server has moved on; the page needs a fresh start.